 Dungeon Crawl Stone Soup version 0.16-a0-623-g20b2139 (webtiles) character file.

150 RobertPalmer the Ruffian (level 5, -4/47 HPs)
             Began as a Hill Orc Monk on Sept 18, 2014.
             Slain by an iguana (9 damage)
             ... on Level 4 of the Dungeon.
             The game lasted 00:06:06 (2504 turns).

RobertPalmer the Ruffian (Hill Orc Monk)            Turns: 2504, Time: 00:06:07

HP  -4/47        AC  2     Str 15      XL: 5   Next: 32%
MP   5/5         EV 13     Int 10      God:
Gold 83          SH  0     Dex 13      Spells:  0 memorised,  4 levels left

rFire  . . .     SeeInvis .       - Unarmed
rCold  . . .     Clarity  .     a - +0 robe
rNeg   . . .     rCorr    .     (no shield)
rPois  .         rRot     .     (no helmet)
rElec  .         Spirit   .     (no cloak)
SustAb .         Warding  .     (no gloves)
rMut   .         Stasis   .     (no boots)
Gourm  .                        (no amulet)
MR     .....                    (no ring)
                                (no ring)

@: not resistant to hostile enchantments, unstealthy
A: no striking features
a: no special abilities


You were on level 4 of the Dungeon.
You were very hungry.

You visited 1 branch of the dungeon, and saw 4 of its levels.

You collected 83 gold pieces.


   Skills:
 + Level 4.6 Fighting
 + Level 3.2 Dodging
 + Level 2.7 Stealth
 + Level 5.1 Unarmed Combat


You had 4 spell levels left.
You didn't know any spells.

Inventory:

Missiles
 m - 26 poisoned needles
Armour
 a - a +0 robe (worn)
Comestibles
 b - 2 meat rations
 i - 2 bread rations
Scrolls
 d - a scroll of identify {unknown}
 e - a scroll of noise {unknown}
 j - 2 scrolls of teleportation {unknown}
 k - 2 scrolls of fog {unknown}
 l - 3 scrolls of remove curse {unknown}
Potions
 c - 2 potions of heal wounds {unknown}
 f - 2 potions of brilliance {unknown}
 g - a potion of cancellation {unknown}
 n - a potion of might {unknown}
 o - a potion of confusion {unknown}
 q - a potion of poison {unknown}

Dungeon Overview and Level Annotations

Branches:
Dungeon (4/15)
 Temple: D:4-7

Altars:
Cheibriados
Gozag
Makhleb
Sif Muna
Vehumet
The Shining One

Annotations:
D:3 1010011010's ghost, average VSAs

#.....................
##.....#...^..........
#.........#...........
#......>...............
#.......##.............
##..<..###.#...........
##...## #.##...........
##### ##.####.........
#....%@.#.......
#......l# .....
#......... ....
#..............
#.............
#............
........... .....##..
..#


You could see an iguana.


Message History

The iguana is heavily wounded.
The iguana bites you but does no damage.
You hit the iguana but do no damage.
The iguana is heavily wounded.
You closely miss the iguana.
The iguana is heavily wounded.
The iguana barely misses you.
You completely miss the iguana.
The iguana is heavily wounded.
The iguana bites you!
* * * LOW HITPOINT WARNING * * *
You hit the iguana.
The iguana is severely wounded.
The iguana barely misses you.
Drink which item? (? for menu, Esc to quit)
You feel better.
You are feeling very hungry.
The iguana bites you!
* * * LOW HITPOINT WARNING * * *
Drink which item? (? for menu, Esc to quit)
You feel better. The iguana bites you!
* * * LOW HITPOINT WARNING * * *
You closely miss the iguana.
The iguana is severely wounded.
The iguana bites you.
* * * LOW HITPOINT WARNING * * *
You barely miss the iguana.
The iguana is severely wounded.
The iguana bites you!
You die...

Action                   |  1- 3 |  4- 6 || total
-------------------------+-------+-------++-------
Melee: Unarmed           |    99 |    59 ||   158
  Use: Potion            |     1 |     2 ||     3
 Stab: Sleeping          |     7 |     2 ||     9
  Eat: Chunk             |     2 |     2 ||     4

Vault maps used:
D:1:      minmay_arrival_stone_box, minmay_box_of_dots
D:2:      overflow_temple_1_default, lemuel_round_altar, first_bread,
          minmay_bisected
D:3:      nicolae_overflow_hidden_temple, tgw_sif, uniq_jessica
D:4:      grunt_gozag_statues

Notes
Turn   | Place    | Note
--------------------------------------------------------------
     0 | D:1      | RobertPalmer, the Hill Orc Monk, began the quest for the Orb.
     0 | D:1      | Reached XP level 1. HP: 19/19 MP: 1/1
   219 | D:1      | Reached XP level 2. HP: 24/27 MP: 2/2
   667 | D:1      | Reached skill level 2 in Stealth
   667 | D:1      | Reached XP level 3. HP: 20/33 MP: 3/3
   808 | D:1      | Reached skill level 4 in Fighting
  1284 | D:2      | Found a radiant altar of Vehumet.
  1578 | D:2      | Found a burning altar of Makhleb.
  1628 | D:3      | Reached XP level 4. HP: 40/40 MP: 4/4
  1708 | D:3      | Reached skill level 3 in Dodging
  1882 | D:3      | Found a deep blue altar of Sif Muna.
  1931 | D:3      | Reached skill level 5 in Unarmed Combat
  1965 | D:3      | Noticed 1010011010's ghost (average VSAs)
  2025 | D:3      | Found a glowing golden altar of the Shining One.
  2025 | D:3      | Found an opulent altar of Gozag.
  2026 | D:3      | Found a snail-covered altar of Cheibriados.
  2169 | D:4      | Reached XP level 5. HP: 19/47 MP: 5/5
  2504 | D:4      | Slain by an iguana

Vanquished Creatures
  A scorpion (D:4)
  An orc wizard (D:3)
  4 adders
  A worm (D:2)
  A giant cockroach (D:2)
  4 hobgoblins
  3 jackals (D:2)
  3 quokkas
  2 ball pythons
  4 bats
  A giant gecko (D:1)
  3 goblins
  6 kobolds
  7 rats
41 creatures vanquished.
